 Dungeon Crawl Stone Soup version 0.27-a0-1500-g450c7e4133 (webtiles) character file.

Game seed: 680744346617823770

83 lunkers the Insei (level 4, 0/33 HPs)
             Began as a Djinni Warper on July 7, 2021.
             Slain by a dart slug (1 damage)
             ... on level 2 of the Dungeon.
             The game lasted 00:05:03 (2896 turns).

lunkers the Insei (Djinni Warper)                   Turns: 2896, Time: 00:05:03

Health: 0/33       AC:  3    Str: 10    XL:     4   Next: 71%
Gold:   75         EV: 11    Int: 15    God:
                   SH:  0    Dex: 13

rFire    + + .     SeeInvis .     - Unarmed
rCold    x . .     Faith    .   (no shield)
rNeg     . . .     Spirit   .   a - +0 leather armour
rPois    ∞         Reflect  .   (no helmet)
rElec    .         Harm     .   (no cloak)
rCorr    .         Rampage  .   (no gloves)
Will     +....                  (boots unavailable)
Stlth    +.........             (no amulet)
HPRegen  0.11/turn              d - ring of willpower
MPRegen  0.00/turn              (no ring)

@: flying
A: sickness immunity, fire resistance 2, cold vulnerability 1, float, innate
caster, hp casting, extra vitality 1
a: no special abilities


You were on level 2 of the Dungeon.
You visited 1 branch of the dungeon, and saw 2 of its levels.

You collected 75 gold pieces.

Inventory:

Missiles
 c - 5 boomerangs of dispersal
Armour
 a - a +0 leather armour (worn)
Jewellery
 d - a ring of willpower (left hand)
Wands
 j - a wand of mindburst (13)
Scrolls
 b - a scroll of blinking
 f - a scroll of magic mapping {unknown}
 g - a scroll of vulnerability {unknown}
 i - a scroll of acquirement {unknown}
 k - 2 scrolls of identify {unknown}
Potions
 e - 2 potions of magic {unknown}
 h - a potion of heal wounds {unknown}


   Skills:
 - Level 2.0 Fighting
 - Level 0.7 Throwing
 - Level 1.0 Armour
 - Level 2.1 Dodging
 * Level 3.9 Unarmed Combat
 + Level 3.0 Spellcasting


You couldn't memorise any spells.
You knew the following spells:

 Your Spells              Type           Power      Damage    Failure   Level
b - Lesser Beckoning      Tloc           5%         N/A       24%         3
c - Gell's Gravitas       Tloc           5%         N/A       24%         3
d - Teleport Other        Tloc           11%        N/A       24%         3
e - Manifold Assault      Tloc           11%        N/A       91%         5
p - Blink                 Tloc           N/A        N/A       12%         2
w - Summon Small Mammal   Summ           44%        N/A       8%          1
Your spell library was empty.

Dungeon Overview and Level Annotations

Branches:
Dungeon (2/15)

Altars:
Xom

Shops:
D:1 =


Innate Abilities, Weirdness & Mutations

You are immune to sickness and miasma.
You are immune to poison.
Your flesh is very heat resistant. (rF++)
You are vulnerable to cold. (rC-)
You float through the air rather than walking.
You learn spells naturally, not from books.
Your magical power is your life essence.
You have superior vitality. (+4 HP)


Message History

The gnoll hits you with a +0 spear.
You hit the gnoll but do no damage. The gnoll hits you with a +0 spear.
You hit the gnoll but do no damage. The gnoll hits you with a +0 spear.
You hit the gnoll.
The gnoll is heavily wounded.
The gnoll barely misses you. The dart slug launches a dart at you.
The slug dart hits you.
You hit the gnoll.
The gnoll is heavily wounded.
The gnoll barely misses you.
You hit the gnoll.
The gnoll is almost dead.
The dart slug bites you.
* * * LOW HITPOINT WARNING * * *
The gnoll hits you with a +0 spear!
* * * LOW HITPOINT WARNING * * *
You hit the gnoll but do no damage.
The gnoll is almost dead.
The gnoll hits you with a +0 spear.
* * * LOW HITPOINT WARNING * * *
The dart slug bites you.
* * * LOW HITPOINT WARNING * * *
You closely miss the gnoll.
The gnoll is almost dead.
You hit the gnoll but do no damage.
The gnoll is almost dead.
The gnoll hits you with a +0 spear.
* * * LOW HITPOINT WARNING * * *
The dart slug bites you but does no damage.
You barely miss the gnoll.
The gnoll is almost dead.
The gnoll hits you with a +0 spear.
* * * LOW HITPOINT WARNING * * *
You barely miss the gnoll.
The gnoll is almost dead.
The gnoll hits you with a +0 spear.
* * * LOW HITPOINT WARNING * * *
The dart slug bites you.
You die...

...............#.........<###.†..
.............................g...
..........................#.h....
............>#.....).#....#......
...............#.......##.#......
................."......#.gg.....
..†......................h.......
####.............g....##..###...#
###............@w....###.###...#
##...#................# #.......#
..............<.......# ######...
.......>..............# #...
........#..........#### ####
.....:###..........# # ......#
#..........# # ......#
############ # ......# #


You could see a gnoll and a dart slug.

Vanquished Creatures
  An adder (D:2)
  2 gnolls (D:1)
  A worm (D:2)
  2 dart slugs (D:1)
  2 bats (D:2)
  3 endoplasms
  4 giant cockroaches (D:1)
  4 goblins (D:1)
  3 hobgoblins (D:1)
  6 jackals (D:1)
  2 quokkas
  7 ball pythons
  3 frilled lizards
  4 kobolds
  3 rats
47 creatures vanquished.

Notes
Turn   | Place    | Note
-------+----------+-------------------------------------------
     0 | D:1      | lunkers the Djinni Warper began the quest for the Orb.
     0 | D:1      | Reached XP level 1. HP: 18/18 MP: 0/0
   293 | D:1      | Reached XP level 2. HP: 19/23 MP: 0/0
  1014 | D:1      | Reached XP level 3. HP: 28/28 MP: 0/0
  1014 | D:1      | Learned a level 1 spell: Summon Small Mammal
  1022 | D:1      | Found Zatohus's Jewellery Shoppe.
  1140 | D:1      | Found a faded altar of an unknown god.
  1650 | D:2      | Reached XP level 4. HP: 8/33 MP: 0/0
  1890 | D:2      | Found a shimmering altar of Xom.
  2896 | D:2      | HP: 1/33 [gnoll (2)]
  2896 | D:2      | Slain by a dart slug

Illustrated notes

Levels and vault maps discovered:
D:1:      tarquinn_simple_flora_water_c, layout_basic,
          hellmonk_ecumenical_altar_zigzags, serial_shops,
          nicolae_lakefront_shop
D:2:      layout_rooms, basic_altar, item_on_display_a

Skill      XL: |  1  2  3  4 |
---------------+-------------+-----
Unarmed Combat | 3 |  3.9
Spellcasting   | 3 |  3.0
Fighting       | |  2.0
Throwing       | |  0.7
Armour         | |  1.0
Dodging        | |  2.1

Action                   |  1- 3 |  4- 6 || total
-------------------------+-------+-------++-------
Melee: Unarmed           |   145 |    54 ||   199
       Punch             |     2 |     1 ||     3
 Cast: Summon Small Mamm |     1 |       ||     1
       Blink             |       |     2 ||     2
Armor: Leather armour    |    35 |    26 ||    61
Dodge: Dodged            |    89 |    40 ||   129

Table legend: (Time is in decaauts)
 A = Elapsed time spent in this place.
 B = Non-inter-level travel time spent in this place.
 C = Inter-level travel time spent in this place.
 D = Time resting spent in this place.
 E = Time spent auto-exploring this place.
 F = Levels seen in this place.
 G = Mean time per level.
                   A        B        C        D        E       F      G
               +--------+--------+--------+--------+--------+-----+--------+
         Total |   2886 |   2852 |     34 |    300 |   1867 |   2 | 1443.0 |
       Dungeon |   2886 |   2852 |     34 |    300 |   1867 |   2 | 1443.0 |
               +--------+--------+--------+--------+--------+-----+--------+

Top non-repeatable levels by time:
     D:1: 2138 daAuts
     D:2: 747 daAuts
